 Dungeon Crawl Stone Soup version 0.28.0-53-g5a82cb258f (webtiles) character file.

Game seed: 2390665038330034775

158 bnorton916 the Magician (level 5, 0/28 HPs)
             Began as a Deep Elf Fire Elementalist on June 5, 2022.
             Slain by a ball python (2 damage)
             ... on level 3 of the Dungeon.
             The game lasted 00:01:28 (2104 turns).

bnorton916 the Magician (DEFE)                      Turns: 2104, Time: 00:01:29

Health: 0/28       AC:  2    Str:  5    XL:     5   Next: 16%
Magic:  4/14       EV:  9    Int: 22    God:
Gold:   45         SH:  0    Dex: 15    Spells: 10/13 levels left

rFire   . . .      SeeInvis .   c - +2 demon trident (elec)
rCold   . . .      Faith    .   (no shield)
rNeg    . . .      Spirit   .   a - +0 robe
rPois   .          Reflect  .   (no helmet)
rElec   .          Harm     .   (no cloak)
rCorr   .          Rampage  .   (no gloves)
Will    .....                   (no boots)
Stlth   ++........              (no amulet)
HPRegen 0.09/turn               (no ring)
MPRegen 0.14/turn               (no ring)

@: constricted
A: no striking features
a: no special abilities


You were on level 3 of the Dungeon.
You visited 1 branch of the dungeon, and saw 4 of its levels.

You collected 45 gold pieces.

Inventory:

Hand Weapons
 b - a +1 dagger of venom
 c - a +2 demon trident of electrocution (weapon)
Armour
 a - a +0 robe (worn)
Scrolls
 d - a scroll of vulnerability {unknown}
Potions
 e - a potion of heal wounds {unknown}


   Skills:
 - Level 2.4 Dodging
 - Level 2.4 Stealth
 + Level 4.8 Spellcasting
 + Level 3.2 Conjurations
 + Level 4.5 Fire Magic


You had 10 spell levels left.
You knew the following spells:

 Your Spells              Type           Power      Damage    Failure   Level
a - Foxfire               Conj/Fire      88%        2x1d8     1%          1
b - Scorch                Fire           50%        2d8       2%          2

Your spell library contained the following spells:

 Spells                   Type           Power      Damage    Failure   Level
 Conjure Flame            Conj/Fire      22%        6-21      6%          3
 Inner Flame              Hex/Fire       15%        N/A       12%         3
 Flame Wave               Conj/Fire      22%        2d7       21%         4


Dungeon Overview and Level Annotations

Branches:
Dungeon (4/15)
 Temple: D:4-7

Altars:


Message History

The ball python misses you. The ball python constricts you.
The ball python bites you. The ball python constricts you.
You barely miss the ball python.
The orc is no longer more vulnerable to fire.
A jackal comes into view.
The ball python barely misses you. The ball python constricts you.
* * * LOW HITPOINT WARNING * * *
You barely miss the ball python. The ball python barely misses you.
The ball python constricts you.
* * * LOW HITPOINT WARNING * * *
The ball python closely misses you. The ball python constricts you.
Casting: Scorch (safe; 2% risk of failure)
Confirm with . or Enter, or press ? or * to list all spells.
Flames lash the jackal.
You kill the jackal!
You hear a bark! x2
A jackal comes into view.
The ball python completely misses you. The ball python constricts you.
You hear a bark!
The ball python barely misses you. The ball python constricts you.
You closely miss the ball python. Your punch misses the ball python.
The jackal barely misses you. The ball python barely misses you.
The ball python constricts you.
The jackal bites you but does no damage.
Unknown command.
You barely miss the ball python. The ball python bites you.
* * * LOW HITPOINT WARNING * * *
The ball python constricts you. The jackal bites you.
* * * LOW HITPOINT WARNING * * *
The ball python barely misses you. The ball python constricts you.
* * * LOW HITPOINT WARNING * * *
The jackal bites you.
* * * LOW HITPOINT WARNING * * *
Casting: Scorch (safe; 2% risk of failure)
Confirm with . or Enter, or press ? or * to list all spells.
Flames lash the orc.
You kill the orc!
You hear a bark!
The ball python bites you.
You die...

... ..... #.# #...#
#.# #...# ##.###...#
... ....# # #.# #.#.#
...##.###.###.#.##.###
......h@S)..../.......
...######.###.#.##.###
...#####.###.#.#
................
...#####.###.#.##
......... ..........
##.###.#.##. ... ..


You could see a jackal and a ball python.

Vanquished Creatures
  A water moccasin skeleton (D:4)
  2 hounds (D:4)
  2 adders (D:3)
  2 orcs
  4 ball pythons
  3 bats (D:1)
  5 endoplasms (D:1)
  6 goblins (D:1)
  A jackal (D:3)
  A quokka (D:1)
  3 frilled lizards (D:1)
  3 kobolds (D:1)
  3 rats (D:1)
36 creatures vanquished.

Vanquished Creatures (others)
  138 foxfires
  A fungus (D:1)
139 creatures vanquished.

Grand Total: 175 creatures vanquished

Notes
Turn   | Place    | Note
-------+----------+-------------------------------------------
     0 | D:1      | bnorton916 the Deep Elf Fire Elementalist began the quest
                  | for the Orb.
     0 | D:1      | Reached XP level 1. HP: 10/10 MP: 6/6
   229 | D:1      | Reached XP level 2. HP: 14/15 MP: 2/8
  1049 | D:1      | Reached XP level 3. HP: 19/19 MP: 5/10
  1117 | D:1      | Found a faded altar of an unknown god.
  1518 | D:2      | You fall into a shaft and drop 2 floors!
  1525 | D:4      | Reached XP level 4. HP: 12/24 MP: 8/12
  1555 | D:4      | Learned a level 2 spell: Scorch
  2050 | D:4      | Reached XP level 5. HP: 28/28 MP: 10/14
  2104 | D:3      | Slain by a ball python

Illustrated notes

Levels and vault maps discovered:
D:1:      dpeg_arrival_subterranean_lakeside_camping, layout_basic,
          dreamdust_ecumenical_altar_grove
D:2:      layout_loops_corners, uniq_terence, uniq_crazy_yiuf_cottage
D:3:      layout_basic, minmay_misc_feat_secret_circle
D:4:      layout_rooms, lemuel_zombie_altar_yredelemnul, uniq_duvessa

Skill      XL: |  1  2  3  4 |
---------------+-------------+-----
Conjurations   | 2 3 |  3.2
Spellcasting   | 4 |  4.8
Fire Magic     | 4 |  4.5
Dodging        | |  2.4
Stealth        | |  2.4

Action                   |  1- 3 |  4- 6 || total
-------------------------+-------+-------++-------
Melee: Demon trident     |     3 |     4 ||     7
 Cast: Foxfire           |    70 |    10 ||    80
       Scorch            |       |     6 ||     6
 Stab: Sleeping          |     1 |       ||     1
Armor: Robe              |       |     3 ||     3
Dodge: Dodged            |     3 |    17 ||    20
